 Dungeon Crawl Stone Soup version 0.28.0-53-g5a82cb258f (webtiles) character file.

Game seed: 11346393903416407483

1864 gobodom the Sneak (level 8, -1/57 HPs)
             Began as a Demonspawn Ice Elementalist on June 18, 2022.
             Killed by nerve-wracking pain
             ... invoked by an orc priest
              (5 damage)
             ... on level 7 of the Dungeon.
             The game lasted 00:43:31 (6944 turns).

gobodom the Sneak (Demonspawn Ice Elementalist)     Turns: 6944, Time: 00:43:32

Health: -1/57      AC:  6    Str: 10    XL:     8   Next: 90%
Magic:  15/15      EV: 13    Int: 17    God:
Gold:   196        SH:  0    Dex: 19    Spells: 9/16 levels left

rFire   . . .      SeeInvis +   j - +5 mace of Income {vorpal, rPois rCorr Dex+3 SInv}
rCold   . . .      Faith    .   (no shield)
rNeg    . . .      Spirit   .   a - +1 robe
rPois   +          Reflect  .   (no helmet)
rElec   .          Harm     .   f - +1 cloak
rCorr   +          Rampage  .   (no gloves)
Will    .....                   e - +0 pair of boots
Stlth   ++++......              (no amulet)
HPRegen 0.19/turn               (no ring)
MPRegen 0.14/turn               (no ring)

@: no status effects
A: thin skeletal structure 1, powered by pain 1, demonic magic 1
a: no special abilities


You were on level 7 of the Dungeon.
You visited 2 branches of the dungeon, and saw 8 of its levels.

You collected 196 gold pieces.

Inventory:

Hand Weapons
 c - a +0 dagger
 j - the +5 mace of Income (weapon) {vorpal, rPois rCorr Dex+3 SInv}
   (You found it on level 4 of the Dungeon)

   It inflicts extra damage upon your enemies.
   Dex:       It affects your dexterity (+3).
   rPois:     It protects you from poison.
   SInv:      It lets you see invisible.
   rCorr:     It protects you from acid and corrosion.
Missiles
 g - 6 boomerangs (quivered)
 l - 6 poisoned darts
Armour
 a - a +1 robe (worn)
 e - a +0 pair of boots (worn)
 f - a +1 cloak (worn)
Wands
 k - a wand of iceblast (7)
Scrolls
 i - 2 scrolls of fog
Potions
 b - a potion of might {unknown}
 d - 2 potions of attraction
 h - a potion of brilliance {unknown}
 m - 2 potions of magic {unknown}
 n - 2 potions of degeneration {unknown}
 o - a potion of invisibility {unknown}


   Skills:
 + Level 2.6 Fighting
 + Level 2.5 Short Blades
 + Level 3.0 Maces & Flails
 + Level 1.0 Throwing
 + Level 1.0 Armour
 + Level 3.1 Dodging
 + Level 6.1 Stealth
 + Level 1.1 Unarmed Combat
 + Level 4.6 Spellcasting
 + Level 6.0 Ice Magic


You had 9 spell levels left.
You knew the following spells:

 Your Spells              Type           Power      Damage    Failure   Level
a - Freeze                Ice            96%        1d11      1%          1
b - Frozen Ramparts       Ice            48%        1d6       3%          3
c - Ozocubu's Armour      Ice            24%        N/A       3%          3

Your spell library contained the following spells:

 Spells                   Type           Power      Damage    Failure   Level
 Hailstorm                Conj/Ice       14%        3d5       38%         4


Dungeon Overview and Level Annotations

Branches:
Dungeon (7/15)             Temple (1/1) D:6

Altars:
Ashenzari
Cheibriados
Dithmenos
Elyvilon
Fedhas
Gozag
Hepliaklqana
Kikubaaqudgha
Makhleb
Nemelex Xobeh
Okawaru
Qazlal
Ru
Sif Muna
Trog
Uskayaw
Vehumet
Wu Jian
Xom
Yredelemnul
Zin
The Shining One

Shops:
D:6 (


Innate Abilities, Weirdness & Mutations

You have a somewhat thin skeletal structure. (Dex +2, Stealth+)
You sometimes gain a little power by taking damage.
Spells you cast may paralyse adjacent enemies.


Message History

The boomerang barely misses the orc priest.
The boomerang barely misses the orc.
The orc priest looks braver for a moment.
Throw: 6 boomerangs
Press: ? - help, Q - select action, (/) - cycle Shift-Dir - straight line, f/p - orc priest
Aim: an orc priest, wielding a +0 club (moderately wounded, 62% to hit)
You throw a boomerang. The boomerang closely misses the orc.
The boomerang hits the orc priest!
The orc priest is severely wounded.
Casting: Freeze (safe; 1% risk of failure)
Confirm with . or Enter, or press ? or * to list all spells.
You don't know that spell.
Casting: Freeze (safe; 1% risk of failure)
Confirm with . or Enter, or press ? or * to list all spells.
Aiming: Freeze (safe; 1% risk of failure)
Press: ? - help, Shift-Dir - straight line, f - orc, p - orc priest
Aim: an orc, wielding a +0 flail You freeze the orc!
You kill the orc!
Malevolent energies surge around you.
The orc priest mumbles some strange prayers to Beogh against you.
Beogh smites you!
The orc wizard gestures at you while chanting.
The magic dart hits you!
* * * LOW HITPOINT WARNING * * *
Throw: 6 boomerangs
Press: ? - help, Q - select action, (/) - cycle Shift-Dir - straight line, f - orc
Aim: an orc, wielding a +0 club (almost dead, 62% to hit)
You throw a boomerang. The boomerang closely misses the orc.
The orc priest invokes the aid of Beogh against you.
Pain shoots through your body!
* * * LOW HITPOINT WARNING * * *
Aiming: Iceblast
Press: ? - help, Q - select action, (/) - cycle Shift-Dir - straight line, f/p - orc
Aim: an orc, wielding a +0 club (almost dead)
Okay, then.
Unknown command.
The orc priest mumbles some strange prayers to Beogh against you.
Pain shoots through your body!
You die...

.............#.# #.#
#.#.#.#.#.#.##.# #.#######
............#.###.#......
#.#.#.#.#.#.#..))....>####
.........<...#.)))...##
#.#.#.#.#.#.##########
.........##..# ?..)
.......#..##.###....
.......##@##........
.....## #.##........ .....
#o.#.)on.... ....
##.#..o..... #...
#o#.)...... #.. #o..#
##..# #..# ##>#


You could see an orc priest, an orc wizard (invisible) and an orc.

Vanquished Creatures
  Grinder (D:3)
  The ghost of concernfroge the Covered, an amateur GrFi (D:3)
  2 water moccasins
  Pargi (D:3)
  A hornet zombie (D:6)
  An ogre (D:4)
  An ice beast (D:5)
  A bullfrog (D:6)
  3 scorpions
  A wyvern skeleton (D:6)
  4 orc priests
  A hound (D:4)
  3 jellies (D:6)
  A bullfrog skeleton (D:4)
  3 iguanas (D:5)
  5 orc wizards
  8 adders
  A shadow imp (D:7)
  3 white imps (D:6)
  An adder skeleton (D:4)
  2 worms (D:2)
  4 dart slugs
  17 orcs
  2 ball pythons (D:4)
  4 bats (D:2)
  6 endoplasms
  2 giant cockroaches
  7 goblins
  12 hobgoblins
  A jackal (D:1)
  4 kobolds
  A quokka (D:4)
  4 frilled lizards
  2 rats
111 creatures vanquished.

Notes
Turn   | Place    | Note
-------+----------+-------------------------------------------
     0 | D:1      | gobodom the Demonspawn Ice Elementalist began the quest for
                  | the Orb.
     0 | D:1      | Reached XP level 1. HP: 13/13 MP: 3/3
   482 | D:1      | Gained mutation: You sometimes gain a little power by
                  | taking damage. [demonic ancestry]
   482 | D:1      | Reached XP level 2. HP: 12/19 MP: 0/5
   736 | D:1      | Found a faded altar of an unknown god.
  1036 | D:2      | Gained mutation: Spells you cast may paralyse adjacent
                  | enemies. [demonic ancestry]
  1036 | D:2      | Reached XP level 3. HP: 20/24 MP: 1/6
  1463 | D:2      | Reached skill level 1 in Short Blades
  1784 | D:2      | Reached skill level 1 in Armour
  1784 | D:2      | Reached XP level 4. HP: 19/31 MP: 5/7
  2281 | D:3      | Found a runed translucent gate.
  2282 | D:3      | Found a runed translucent gate.
  2289 | D:3      | Found a runed translucent gate.
  2289 | D:3      | Noticed concernfroge's ghost (amateur GrFi)
  2289 | D:3      | Noticed a scorpion
  2410 | D:3      | Noticed Pargi
  2422 | D:3      | Killed Pargi
  2423 | D:3      | Reached skill level 1 in Fighting
  2423 | D:3      | Reached skill level 1 in Unarmed Combat
  2423 | D:3      | Gained mutation: You have a somewhat thin skeletal
                  | structure. (Dex +2, Stealth+) [demonic ancestry]
  2423 | D:3      | Reached XP level 5. HP: 28/37 MP: 3/9
  2875 | D:3      | Noticed Grinder
  2884 | D:3      | Killed Grinder
  2885 | D:3      | Reached XP level 6. HP: 41/43 MP: 8/10
  3115 | D:3      | Learned a level 3 spell: Frozen Ramparts
  3134 | D:3      | Reached XP level 7. HP: 43/48 MP: 6/11
  3149 | D:3      | Killed concernfroge's ghost
  3569 | D:4      | Reached skill level 5 in Ice Magic
  3586 | D:4      | Identified the +5 mace of Income {vorpal, rPois rCorr Dex+3
                  | SInv}
  3909 | D:4      | Reached skill level 1 in Maces & Flails
  4581 | D:5      | Entered Level 5 of the Dungeon
  4614 | D:5      | Found a shimmering altar of Xom.
  4832 | D:5      | Reached skill level 5 in Stealth
  4873 | D:5      | Reached XP level 8. HP: 45/56 MP: 13/13
  5954 | D:6      | Found Lugif's Weapon Shoppe.
  5997 | D:6      | Learned a level 3 spell: Ozocubu's Armour
  6303 | D:6      | Found a staircase to the Ecumenical Temple.
  6322 | Temple   | Entered the Ecumenical Temple
  6441 | D:6      | Reached skill level 1 in Throwing
  6944 | D:7      | Killed from afar by an orc priest

Illustrated notes

Levels and vault maps discovered:
D:1:      dpeg_arrival_brainrot, layout_basic,
          hellmonk_ecumenical_altar_pennies_from_heaven
D:2:      layout_loops_ring
D:3:      layout_basic, gammafunk_ghost_split, uniq_grinder, uniq_pargi
D:4:      layout_gridville, st_stairs_11, grunt_ministairs_7
D:5:      layout_basic, lemuel_doored_altar
D:6:      layout_cave_pools, minmay_temple_entry_glassed_door, serial_shops,
          nicolae_shop_bloodbath_and_beyond
D:7:      minmay_angry_zag, layout_basic, palyth_stone_intersect, st_stairs_12,
          chequers_serial_rivers_micro_a
Temple:   grunt_wide_crystal_templ

Skill      XL: |  1  2  3  4  5  6  7  8 |
---------------+-------------------------+-----
Ice Magic      | 4 5 6 |  6.0
Dodging        | 2 3 |  3.1
Stealth        | 2 3 4 5 6 |  6.1
Short Blades   | 1 2 |  2.5
Armour         | 1 |  1.0
Fighting       | 1 2 |  2.6
Unarmed Combat | 1 |  1.1
Spellcasting   | 3 4 |  4.6
Maces & Flails | 2 3 |  3.0
Throwing       | 1 |  1.0

Action                   |  1- 3 |  4- 6 |  7- 9 || total
-------------------------+-------+-------+-------++-------
Melee: Unarmed           |     5 |       |       ||     5
       Dagger            |    48 |    48 |    17 ||   113
       Punch             |       |     2 |     3 ||     5
       Mace              |       |       |    84 ||    84
Throw: Boomerang         |       |     1 |    15 ||    16
       Dart              |       |       |    15 ||    15
 Cast: Freeze            |    38 |    19 |    55 ||   112
       Frozen Ramparts   |       |       |     4 ||     4
       Ozocubu's Armour  |       |       |     3 ||     3
  Use: Scroll            |     7 |     1 |     4 ||    12
       Potion            |       |       |     3 ||     3
 Stab: Paralysed         |     7 |     8 |    26 ||    41
       Sleeping          |     1 |     4 |    14 ||    19
Armor: Robe              |    18 |    17 |    30 ||    65
Dodge: Dodged            |    37 |    33 |    78 ||   148
